Map: Nightscape LE

Players

Massa

  • Race: Terran Terran
  • League: Platinum
  • Spawn Location: 7:00

qqq

  • Race: Zerg Zerg
  • League: Platinum
  • Spawn Location: 7:00

SWiggels

  • Race: Zerg Zerg
  • League: Diamond
  • Spawn Location: 1:00

FolkMetaller

  • Race: Protoss Protoss
  • League: Diamond
  • Spawn Location: 1:00

VOD

Have the link to the VOD?

Description

Time

  • Played on: Dec. 7, 2020, 3:07 p.m.
  • Length: 6:12
Show
View Real Time Build Order
Export as new Build Order

Massa Terran 

Build Orders:  

Get SALT Encoding   

  12  0:00  SCV  
  13  0:12  SCV  
  14  0:22  Supply Depot  
  14  0:24  SCV  
  15  0:44  SCV  
  15  0:46  Barracks  
  15  0:48  Refinery  
  16  0:57  SCV  
  17  1:09  SCV  
  18  1:21  Barracks  
  18  1:22  SCV  
  19  1:34  Supply Depot  
  19  1:35  Barracks Tech Lab  
  19  1:42  Orbital Command  
  19  1:54  Marauder, Concussive Shells  
  21  2:11  Barracks Tech Lab  
  21  2:19  Marauder  
  23  2:23  Bunker  
  23  2:32  Marauder  
  25  2:41  Marauder  
  25  2:43  Bunker  
  27  2:53  SCV, Marauder  
  30  3:08  Supply Depot  
  30  3:30  Marauder x2  
  34  3:51  Marauder x2  
  36  4:13  Marauder  
  36  4:16  Marauder  
  28  4:34  Marauder  
  28  4:38  Marauder, Command Center  
  30  4:55  Marauder  
  30  4:59  Marauder  
  28  5:13  SCV  
  27  5:25  SCV  
  20  5:37  SCV  
  20  5:42  Supply Depot x2  
  21  5:45  Barracks x2  
  21  5:48  Supply Depot x2  
  21  5:49  SCV, Supply Depot  
  22  5:50  Barracks  
  22  5:56  SCV  
Show
View Real Time Build Order
Export as new Build Order

qqq Zerg 

Build Orders: Pool First 

Get SALT Encoding   

  12  0:00  Drone  
  13  0:09  Drone  
  14  0:30  Spawning Pool  
  13  0:43  Drone, Overlord  
  14  1:11  Hatchery  
  14  1:17  Zergling x6  
  16  1:31  Zergling x2  
  17  1:40  Extractor  
  17  1:41  Zergling x2  
  17  1:52  Zergling x2  
  18  2:06  Zergling x2  
  19  2:21  Zergling x2  
  19  2:23  Queen  
  19  2:24  Zergling x2  
  22  2:31  Zergling x2  
  23  2:38  Spine Crawler  
  22  2:50  Zergling x4  
  22  2:51  Zergling x4  
  23  2:57  Zergling x4  
  24  3:05  Metabolic Boost  
  24  3:09  Zergling x4  
  25  3:23  Drone  
  24  3:55  Zergling x6  
  27  4:07  Spine Crawler  
  25  4:14  Zergling x6  
  25  4:15  Zergling x2  
  20  4:23  Zergling x2  
  15  4:41  Zergling x2  
  15  4:42  Zergling x6  
  13  5:29  Drone  
Show
View Real Time Build Order
Export as new Build Order

SWiggels Zerg 

Build Orders: Hatch First 

Get SALT Encoding   

  12  0:00  Drone  
  13  0:13  Overlord  
  13  0:19  Drone  
  14  0:32  Drone x2  
  16  0:36  Drone  
  17  0:56  Hatchery  
  16  1:09  Spawning Pool  
  16  1:10  Drone  
  16  1:15  Drone  
  17  1:27  Extractor  
  16  1:34  Overlord  
  16  1:35  Drone  
  16  1:36  Drone  
  18  2:00  Queen  
  20  2:01  Zergling x4  
  20  2:05  Spine Crawler  
  20  2:08  Spine Crawler, Zergling x2  
  21  2:10  Zergling x2  
  22  2:25  Zergling x4  
  24  2:51  Zergling x6  
  22  2:52  Zergling x6  
  26  3:04  Zergling x4  
  28  3:06  Metabolic Boost  
  24  3:36  Zergling x2  
  24  3:37  Zergling x8  
  29  3:52  Overlord  
  29  4:05  Baneling Nest  
  29  4:08  Queen  
  28  4:23  Zergling x2  
  28  4:24  Zergling x6  
  30  4:42  Zergling x8  
  26  5:00  Zergling x2  
  26  5:04  Zergling x4  
  28  5:07  Drone x2  
  29  5:20  Hatchery  
  28  5:29  Drone x2  
Show
View Real Time Build Order
Export as new Build Order

FolkMetaller Protoss 

Build Orders:  

Get SALT Encoding   

  12  0:00  Probe  
  13  0:13  Pylon  
  13  0:18  Probe  
  14  0:30  Probe  
  15  0:36  Gateway  
  15  0:42  Assimilator  
  15  0:46  Probe (Chrono Boost)  
  16  0:55  Probe (Chrono Boost)  
  17  1:00  Probe (Chrono Boost)  
  18  1:12  Probe  
  19  1:18  Gateway  
  19  1:21  Assimilator  
  19  1:24  Probe  
  19  1:25  Zealot (Chrono Boost)  
  22  1:35  Pylon  
  22  1:45  Cybernetics Core  
  24  1:54  Zealot (Chrono Boost)  
  24  2:08  Pylon  
  24  2:27  Zealot (Chrono Boost)  
  24  2:29  Gateway  
  24  2:30  Zealot (Chrono Boost)  
  26  2:47  Zealot  
  26  2:54  Zealot  
  26  2:59  Shield Battery  
  26  3:02  Probe  
  27  3:08  Warp Gate  
  27  3:17  Sentry (Chrono Boost)  
  29  3:21  Twilight Council  
  29  3:30  Stalker (Chrono Boost)  
  31  3:43  Probe  
  32  3:50  Shield Battery  
  32  3:55  Stalker  
  34  4:04  Charge (Chrono Boost)  
  32  4:13  Zealot  
  32  4:26  Stargate  
  32  4:34  Robotics Facility  
  32  4:41  Probe  
  33  4:46  Zealot  
  35  5:04  Zealot x2  
  39  5:11  Pylon  
  37  5:26  Oracle (Chrono Boost)  
  40  5:36  Observer  
  41  5:54  Nexus  
  41  6:00  Pylon  
Tags
 
Add a new tag
Caveats
  • Supply blocks, unpowered buildings, or Contaminate may cause inaccurate times.
  • Supply counts are checked every 10 seconds.